 Dungeon Crawl Stone Soup version 0.29-a0-22-gbf593b16ee (webtiles) character file.

Game seed: 10835571219169331396

5101 glueburn the Grappler (level 10, -3/138 HPs)
             Began as a Troll Berserker on Jan 29, 2022.
             Was a Priest of Trog.
             Slain by a killer bee (6 damage)
             ... on level 7 of the Dungeon.
             The game lasted 00:17:52 (7171 turns).

glueburn the Grappler (Troll Berserker)             Turns: 7171, Time: 00:17:53

Health: -3/138     AC:  4    Str: 31    XL:     10   Next: 32%
Magic:  9/9        EV: 11    Int:  3    God:    Trog [***...]
Gold:   383        SH:  0    Dex:  9    Spells: 9/9 levels left

rFire   + . .      SeeInvis .     - Unarmed
rCold   + . .      Faith    .   (no shield)
rNeg    . . .      Spirit   .   z - +0 robe {rC+ rF+}
rPois   .          Reflect  .   (helmet restricted)
rElec   .          Harm     .   (no cloak)
rCorr   .          Rampage  .   (gloves unavailable)
Will    ++...                   (boots unavailable)
Stlth   ..........              (no amulet)
HPRegen 2.13/turn               (no ring)
MPRegen 0.11/turn               (no ring)

@: berserking, lethally poisoned (-3 -> -5), strong-willed, regenerating,
studying Armour, very quick
A: large, unfitting armour, claws 3, regeneration 1, shaggy fur 1, tough skin 1
a: Renounce Religion, Berserk, Trog's Hand


You were on level 7 of the Dungeon.
You worshipped Trog.
Trog was most pleased with you.
You visited 1 branch of the dungeon, and saw 8 of its levels.

You collected 411 gold pieces.
You spent 28 gold pieces at shops.

Inventory:

Hand Weapons
 s - a +2 vorpal trident
 y - a +0 dagger of chaos
Missiles
 i - a throwing net (quivered)
 r - 5 boomerangs
Armour
 a - a +0 animal skin
 z - a +0 robe of resistance (worn)
Jewellery
 d - a ring of fire
Wands
 t - a wand of paralysis (9)
 v - a wand of digging (1)
Scrolls
 c - a scroll of enchant weapon {unknown}
 g - 4 scrolls of teleportation {unknown}
 h - 3 scrolls of immolation
 j - 2 scrolls of fear {unknown}
 k - a scroll of blinking {unknown}
 l - 2 scrolls of enchant armour {unknown}
 o - 3 scrolls of fog
 p - a scroll of holy word {unknown}
 q - 6 scrolls of identify {unknown}
 x - a scroll of torment {unknown}
Potions
 b - a potion of berserk rage {unknown}
 e - a potion of cancellation
 f - a potion of degeneration {unknown}
 m - a potion of brilliance {unknown}
 n - a potion of curing
 u - a potion of flight
 w - a potion of resistance {unknown}


   Skills:
 + Level 4.1 Fighting
 + Level 5.3 Dodging
 - Level 0.1 Stealth
 + Level 13.8 Unarmed Combat


You had 9 spell levels left.
You didn't know any spells.
Your spell library was empty.

Dungeon Overview and Level Annotations

Branches:
Dungeon (8/15)             Temple (0/1) D:5
   Lair: D:8-11

Altars:
Gozag
Hepliaklqana
Kikubaaqudgha
Qazlal
Ru
Trog
Uskayaw
Yredelemnul
Zin

Shops:
D:6 **

Annotations:
D:8 Maurice


Innate Abilities, Weirdness & Mutations

You are too large for most types of armour.
You have claws for hands.
Your natural rate of healing is unusually fast.
You are covered in fur. (AC +1)
You have tough skin. (AC +1)


Message History

The killer bee stings you but does no damage.
The killer bee stings you.
You are more poisoned.
The killer bee poisons you! The killer bee stings you.
You are more poisoned.
The killer bee poisons you!
You miss the killer bee.
The killer bee is heavily wounded.
You feel very sick. The killer bee stings you. x2
You are more poisoned.
The killer bee poisons you!
You barely miss the killer bee.
The killer bee is heavily wounded.
You feel very sick.
The killer bee closely misses you. x2; The killer bee completely misses you.
The killer bee stings you!
* * * LOW HITPOINT WARNING * * *
Unknown command.
Your skin crawls.
You feel strong-willed.
You can no longer call in reinforcements.
You feel very sick. The killer bee misses you. The killer bee stings you.
* * * LOW HITPOINT WARNING * * *
The killer bee barely misses you. The killer bee stings you!
* * * LOW HITPOINT WARNING * * *
A red film seems to cover your vision as you go berserk!
You feel yourself moving faster!
You feel mighty!
You feel very sick. The killer bee barely misses you.
The killer bee stings you but does no damage.
The killer bee stings you!
* * * LOW HITPOINT WARNING * * *
The killer bee closely misses you.
You are too berserk!
You miss the killer bee.
The killer bee is heavily wounded.
You feel sick. The killer bee stings you.
You die...

# #.## #..........#####.# # #
#..# #.........)......# # #
###.#####..............# # #
#≈#.#≈# #.....##.......###### #
#≈#.#≈#####.................. ###
#≈#.#≈≈≈#.....##....##.###... ..#
#≈#.#####.....##....##.##....
#.#≈#≈#.......#.....####...##....
###≈#≈#.#####.#.@...# #......###
# #≈#.#≈≈≈#...yy#.# #####)...#
### #≈#.#≈#####.#...#≈# #....#
..# #≈#.#≈# #...)...#≈# ##....#
### ###.#######.#...#≈# ##......
######......##.#...### #.....##
#...........##.###.# #.....##
#..........###.##..######.....#.
#..........##..........##.....#.


You could see 2 killer bees.

Vanquished Creatures
  A two-headed ogre (D:6)
  Pikel (D:6)
  Psyche (D:8)
  Grinder (D:6)
  Sigmund (D:2)
  A water moccasin (D:7)
  An ice beast (D:6)
  An orc warrior (D:8)
  A hornet zombie (D:7)
  2 necrophages (D:4)
  3 ogres
  2 phantoms
  2 bullfrogs
  A scorpion (D:5)
  2 water moccasin zombies
  A water moccasin skeleton (D:5)
  6 killer bees
  5 wights (D:7)
  A howler monkey (D:8)
  A hound (D:5)
  2 bullfrog skeletons
  4 centaur zombies
  A human zombie (D:7)
  3 jellies (D:5)
  A gnoll shaman (D:6)
  4 orc priests
  3 centaur skeletons
  Jessica (D:2)
  6 iguanas
  6 orc wizards
  2 killer bee zombies
  A hound skeleton (D:3)
  A mummy (D:7)
  6 gnolls
  4 howler monkey zombies
  4 adders
  A howler monkey skeleton (D:6)
  2 white imps
  3 worms
  A dart slug (D:2)
  16 orcs
  9 bats
  8 endoplasms
  5 giant cockroaches
  16 goblins
  4 hobgoblins
  9 jackals
  7 kobolds
  2 quokkas
  6 ball pythons
  4 frilled lizards
  A quokka skeleton (D:4)
  7 rats
185 creatures vanquished.

Vanquished Creatures (collateral kills)
  A steam dragon (D:8)
  An ice beast (D:8)
  2 centaurs (D:8)
  A kobold brigand (D:8)
  A wight (D:8)
  An orc (D:8)
  A kobold (D:8)
8 creatures vanquished.

Vanquished Creatures (others)
  13 plants (D:2)
13 creatures vanquished.

Grand Total: 206 creatures vanquished

Notes
Turn   | Place    | Note
-------+----------+-------------------------------------------
     0 | D:1      | glueburn the Troll Berserker began the quest for the Orb.
     0 | D:1      | Reached XP level 1. HP: 22/22 MP: 0/0
   200 | D:1      | Reached XP level 2. HP: 29/29 MP: 1/1
   502 | D:1      | Found a faded altar of an unknown god.
   543 | D:1      | Reached ** piety under Trog
   544 | D:1      | Reached XP level 3. HP: 36/36 MP: 2/2
   743 | D:2      | Reached skill level 4 in Unarmed Combat
   792 | D:2      | Noticed Sigmund
   925 | D:3      | Reached XP level 4. HP: 44/44 MP: 3/3
   967 | D:3      | Reached skill level 5 in Unarmed Combat
   967 | D:3      | Reached XP level 5. HP: 40/52 MP: 4/4
  1799 | D:2      | Noticed Jessica
  1808 | D:2      | Killed Jessica
  1914 | D:2      | Killed Sigmund
  1915 | D:2      | Reached skill level 6 in Unarmed Combat
  1915 | D:2      | Reached XP level 6. HP: 13/61 MP: 5/5
  2143 | D:2      | Reached *** piety under Trog
  2539 | D:4      | Found a stormy altar of Qazlal.
  2761 | D:4      | You fall into a shaft and drop 1 floor!
  2761 | D:5      | Entered Level 5 of the Dungeon
  2787 | D:5      | Reached skill level 7 in Unarmed Combat
  2838 | D:5      | Reached XP level 7. HP: 66/67 MP: 6/6
  3090 | D:4      | Reached skill level 8 in Unarmed Combat
  3884 | D:4      | Reached **** piety under Trog
  3957 | D:5      | Found a hazy altar of Hepliaklqana.
  4099 | D:5      | Reached XP level 8. HP: 72/75 MP: 7/7
  4108 | D:5      | Found a bloodstained altar of Trog.
  4120 | D:5      | Reached skill level 9 in Unarmed Combat
  4450 | D:5      | Found a staircase to the Ecumenical Temple.
  4719 | D:6      | Noticed a two-headed ogre
  4760 | D:6      | Killed a two-headed ogre
  4761 | D:6      | Reached skill level 11 in Unarmed Combat
  4761 | D:6      | Reached XP level 9. HP: 76/83 MP: 8/8
  4834 | D:6      | Found a hide-covered altar of Uskayaw.
  5335 | D:6      | Noticed Grinder
  5342 | D:6      | Killed Grinder
  5406 | D:6      | Noticed Pikel
  5413 | D:6      | Killed Pikel
  5414 | D:6      | Reached skill level 12 in Unarmed Combat
  5676 | D:6      | Found Hiecaum's General Store.
  5690 | D:6      | Found Mimpumm's Specific Store.
  5698 | D:6      | Bought a scroll of fog for 28 gold pieces
  5867 | D:7      | Found a basalt altar of Yredelemnul.
  5890 | D:7      | Reached skill level 13 in Unarmed Combat
  6012 | D:7      | Found an ancient bone altar of Kikubaaqudgha.
  6054 | D:7      | Found an opulent altar of Gozag.
  6080 | D:7      | Found a glowing silver altar of Zin.
  6370 | D:7      | Reached XP level 10. HP: 89/92 MP: 9/9
  6815 | D:8      | Reached skill level 5 in Dodging
  6963 | D:8      | Found a sacrificial altar of Ru.
  6973 | D:8      | Noticed Psyche
  6985 | D:8      | Killed Psyche
  7115 | D:8      | Noticed Maurice
  7170 | D:7      | HP: 3/138 [killer bee (7)]
  7171 | D:7      | Slain by a killer bee

Illustrated notes

Levels and vault maps discovered:
D:1:      lightli_molten_gateway, layout_loops_ring, basic_ecumenical_altar,
          nrook_campfire, minmay_pentomino_z4
D:2:      layout_loops_ring, serial_forest, infiniplex_forest_zigzag_1,
          infiniplex_forest_lined_3_way, infiniplex_forest_pool,
          infiniplex_forest_clump_medium, infiniplex_forest_end_1,
          infiniplex_forest_clump_curved, infiniplex_forest_lined_room_2,
          infiniplex_forest_clump_small, grunt_ministairs_1, uniq_jessica,
          uniq_sigmund
D:3:      layout_loops_ring
D:4:      layout_layer_cave, mainiacjoe_overflow_24_doors, minmay_ogre_servants
D:5:      layout_loops_ring, mainiacjoe_overflow_catwalk,
          worldfamousw_hep_ancestral_shrine, lemuel_temple_firewalk_b
D:6:      layout_loops_corners, lemuel_round_altar, nicolae_specific_store,
          minmay_manual_monolith, uniq_grinder, uniq_pikel
D:7:      layout_basic, pdpol_temple_overflow_zin_treasury_gozag_greed,
          lemuel_mausoleum_altar_yredelemnul,
          mainiacjoe_overflow_concentric_impassable, serial_aquarium,
          aquarium_bridge_square [aquarium_subvault_window,
          aquarium_subvault_bridge, aquarium_subvault_bridge,
          aquarium_subvault_bridge], aquarium_window_3, aquarium_window_1,
          aquarium_view_2f, aquarium_pool_side
D:8:      layout_cave_pods, slow_altar_1, serial_park, serial_park_tiny_2,
          serial_park_square3 [serial_park_minivault_5x5_4],
          serial_park_avenue1, serial_park_square1
          [serial_park_minivault_5x5_3], serial_park_tiny_1, uniq_maurice,
          uniq_psyche

Skill      XL: |  1  2  3  4  5  6  7  8  9 10 |
---------------+-------------------------------+-----
Unarmed Combat | 4 5 6 7 8 11 13 | 13.8
Dodging        | 3 4 5 |  5.3
Fighting       | 3 4 |  4.1
Stealth        | |  0.1

Action                   |  1- 3 |  4- 6 |  7- 9 | 10-12 || total
-------------------------+-------+-------+-------+-------++-------
Melee: Unarmed           |   107 |   153 |   227 |    61 ||   548
       Punch             |       |     6 |    14 |     1 ||    21
Invok: Berserk           |       |       |     3 |     3 ||     6
       Trog's Hand       |       |       |       |     4 ||     4
       Brothers in Arms  |       |       |       |     1 ||     1
  Use: Potion            |       |       |     2 |     3 ||     5
       Scroll            |       |       |       |     1 ||     1
 Stab: Sleeping          |       |     4 |       |       ||     4
Armor: Animal skin       |    44 |    40 |    28 |    10 ||   122
       Skin              |       |       |       |    13 ||    13
       Robe              |       |       |       |     8 ||     8
Dodge: Dodged            |    63 |    68 |    99 |    38 ||   268

Table legend: (Time is in decaauts)
 A = Elapsed time spent in this place.
 B = Non-inter-level travel time spent in this place.
 C = Inter-level travel time spent in this place.
 D = Time resting spent in this place.
 E = Time spent auto-exploring this place.
 F = Levels seen in this place.
 G = Mean time per level.
                   A        B        C        D        E       F      G
               +--------+--------+--------+--------+--------+-----+--------+
         Total |   7120 |   6730 |    390 |    376 |   4860 |   8 |  890.0 |
       Dungeon |   7120 |   6730 |    390 |    376 |   4860 |   8 |  890.0 |
               +--------+--------+--------+--------+--------+-----+--------+

Top non-repeatable levels by time:
     D:4: 1314 daAuts
     D:6: 1127 daAuts
     D:7: 995 daAuts
     D:2: 945 daAuts
     D:5: 850 daAuts
     D:3: 823 daAuts
     D:1: 721 daAuts
     D:8: 342 daAuts
